 Dungeon Crawl Stone Soup version 0.32-a0-558-g233958a4c4 (webtiles) character file.

Game seed: 15964046395764301451

3766 ForceOfNegation the Skirmisher (level 9, 0/74 HPs)
             Began as a Grey Draconian Necromancer on Mar 1, 2024.
             Was an Initiate of Fedhas.
             Constricted to death by Erica (1 damage)
             ... on level 8 of the Dungeon.
             The game lasted 00:09:56 (8384 turns).

ForceOfNegation the Skirmisher (DrNe)               Turns: 8384, Time: 00:09:57

Health: 0/74       AC: 13    Str: 15    XL:     9   Next: 94%
Magic:  12/12      EV:  3    Int: 18    God:    Fedhas [......]
Gold:   358        SH:  0    Dex: 14    Spells: 11/12 levels left

rFire   + . .        z - +5 arbalest "Zugemon" {speed, Str+5}
rCold   . . .        (shield currently unavailable)
rNeg    . . .        (body armour unavailable)
rPois   .            (helmet restricted)
rElec   .            e - scarf {repulsion}
rCorr   .            v - +0 pair of gloves
SInv    .            (no boots)
Will    .....        y - amulet of regeneration
Stlth   +++          s - ring of protection from fire
HPRegen 1.12/turn    (no ring)
MPRegen 0.13/turn

%: repel missiles
@: constricted
A: mud breath, mud-swimmer, AC +12, amphibious, unfitting armour, cold-blooded
a: Mud Breath, Renounce Religion


You were on level 8 of the Dungeon.
You worshipped Fedhas.
Fedhas was noncommittal.
You visited 2 branches of the dungeon, and saw 9 of its levels.

You collected 358 gold pieces.

Inventory:

Hand Weapons
 z - the +5 arbalest "Zugemon" (weapon) {speed, Str+5}
   (You found it on level 6 of the Dungeon)

   Str+5:     It affects your strength (+5).
Armour
 e - a scarf of repulsion (worn)
 v - a +0 pair of gloves (worn)
Jewellery
 p - an amulet of magic regeneration
 s - a ring of protection from fire (left hand)
 y - an amulet of regeneration (around neck)
 B - an amulet of faith
 D - a ring of magical power
Talismans
 x - a blade talisman
Wands
 i - a wand of roots (19)
 A - a wand of flame (16)
 C - a wand of charming (10)
Scrolls
 b - 2 scrolls of amnesia {unknown}
 d - 3 scrolls of poison {unknown}
 g - 5 scrolls of identify {unknown}
 j - 4 scrolls of noise {unknown}
 k - a scroll of vulnerability {unknown}
 m - a scroll of teleportation {unknown}
 n - a scroll of enchant armour {unknown}
 o - 3 scrolls of immolation {unknown}
 r - a scroll of fog {unknown}
 E - a scroll of enchant weapon {unknown}
Potions
 a - 2 potions of magic
 c - 2 potions of heal wounds {unknown}
 f - 2 potions of enlightenment {unknown}
 h - a potion of might {@q3}
 l - 2 potions of invisibility {unknown}
 q - a potion of resistance {unknown}
 t - 2 potions of curing {@q2}
 u - a potion of lignification {unknown}
 w - 2 potions of attraction {unknown}


   Skills:
 - Level 5.0 Fighting
 * Level 8.9 Ranged Weapons
 - Level 4.0 Dodging
 - Level 5.0 Stealth
 - Level 6.8 Unarmed Combat
 - Level 2.0 Spellcasting
 - Level 4.0 Necromancy


You had 11 spell levels left.
You knew the following spells:

 Your Spells              Type           Power      Damage    Failure   Level
a - Necrotise             Necr           64%        1d7       3%          1

Your spell library contained the following spells:

 Spells                   Type           Power      Damage    Failure   Level
 Sublimation of Blood     Necr           16%        N/A       5%          2
 Vampiric Draining        Necr           16%        2d7       11%         3
 Sandblast                Erth           2%         2d4       19%         1
 Ensorcelled Hibernation  Hex/Ice        2%         N/A       26%         2
 Animate Dead             Necr           16%        N/A       34%         4
 Call Canine Familiar     Summ           1%         N/A       47%         3
 Passwall                 Erth           1%         N/A       47%         3
 Sigil of Binding         Hex            1%         N/A       47%         3
 Stone Arrow              Conj/Erth      2%         3d7       47%         3
 Swiftness                Air            1%         N/A       47%         3
 Martyr's Knell           Necr/Summ      9%         N/A       61%         4
 Curse of Agony           Necr           16%        N/A       67%         5
 Brom's Barrelling Bould  Conj/Erth      1%         2d3       87%         4
 Dimensional Bullseye     Hex/Tloc       0%         N/A       87%         4
 Petrify                  Alch/Erth      1%         N/A       87%         4
 Irradiate                Conj/Alch      0%         3d11      99%         5


Dungeon Overview and Level Annotations

Branches:
Dungeon (8/15)             Temple (1/1) D:5
   Lair: D:8-11

Altars:
Dithmenos
Elyvilon
Fedhas
Gozag
Hepliaklqana
Kikubaaqudgha
Makhleb
Nemelex Xobeh
Okawaru
Qazlal
Ru
Sif Muna
Trog
Uskayaw
Vehumet
Wu Jian
Xom
Yredelemnul
The Shining One

Annotations:
D:4 2 runed translucent doors, Hans's ghost, amateur DjHW
D:7 3 runed translucent doors, Alarak's ghost, novice FoFi
D:8 Erica


Innate Abilities, Weirdness & Mutations

You can breathe torrents of mud.
You are unimpeded by mud.
Your dull iron-grey scales are very hard. (AC +12)
You are amphibious.
You cannot fit into any form of body armour.
You are cold-blooded and may be slowed by cold attacks.


Message History

You are too injured to fight recklessly!
You are too injured to fight recklessly!
You are too injured to fight recklessly!
Aiming: Mud Breath
Press: ? - help, Shift-Dir - straight line, f/p - orc priest
Aim: an orc priest, wielding a +0 club and wearing a +0 leather armour (severely wounded, 90% to hit)
You spew a torrent of mud.
The ball of mud hits the orc priest!!
You kill the orc priest!
Fedhas appreciates your contribution to the ecosystem.
The mud splashes down.
You hear a shout! x2
The orc hits you but does no damage. Something hits you but does no damage.
You are constricted.
You shoot a bolt. The orc hits you but does no damage. Something hits you!
Something burns you.
You are constricted.
You shoot a bolt. The orc hits you with a +0 flail.
You hear some strange, mumbled words.
A bolt of poison appears from out of thin air!
The bolt of poison hits you.
You are poisoned.
* * * LOW HITPOINT WARNING * * *
You are constricted.
* * * LOW HITPOINT WARNING * * *
You shoot a bolt.
* * * LOW HITPOINT WARNING * * *
You feel very sick. The orc hits you but does no damage. Something hits you.
* * * LOW HITPOINT WARNING * * *
Something burns you.
* * * LOW HITPOINT WARNING * * *
You are constricted.
* * * LOW HITPOINT WARNING * * *
Unknown command.
You feel better. The orc hits you but does no damage. Something hits you!
* * * LOW HITPOINT WARNING * * *
Something burns you.
* * * LOW HITPOINT WARNING * * *
You are constricted.
You die...
Fedhas appreciates your contribution to the ecosystem.

#.#.# #.#.#
#.#.####
#######......
..........######
.......<.......#
............##.
........o##.#..#
...####.#@.....#
## #.#{#.#..#
#.#)~ # #.#~#.
#.#.#.# ....) .
#..## ## .


You could see an orc.

Vanquished Creatures
  Pikel (D:8)
  Maurice (D:7)
  Joseph (D:7)
  Maggie (D:7)
  Jeremiah (D:6)
  Sigmund (D:3)
  Edmund (D:4)
  A water moccasin (D:7)
  An orc warrior (D:7)
  A sky beast (D:7)
  A black bear (D:6)
  2 centaurs
  A lemure (D:8)
  2 phantoms
  2 kobold brigands (D:7)
  A bullfrog (D:6)
  A water moccasin skeleton (D:5)
  A bombardier beetle (D:6)
  A hound (D:6)
  Ijyb (D:4)
  2 jellies
  2 orc priests
  A bullfrog skeleton (D:5)
  A gnoll bouda (D:6)
  3 iguanas
  8 orc wizards
  A sleepcap (D:5)
  A scorpion zombie (D:5)
  A howler monkey zombie (D:5)
  8 adders
  6 gnolls
  A white imp (D:6)
  2 ufetubi (D:5)
  A dart slug (D:5)
  3 ribbon worms
  22 orcs
  7 bats
  6 endoplasms
  9 goblins
  5 hobgoblins
  10 kobolds
  8 quokkas
  8 ball pythons
  4 frilled lizards
  8 rats
151 creatures vanquished.

Vanquished Creatures (collateral kills)
  2 gnolls (D:3)
  A ball python (D:3)
  A rat (D:3)
4 creatures vanquished.

Vanquished Creatures (others)
  An orc wizard (D:6)
1 creature vanquished.

Grand Total: 156 creatures vanquished

Notes
Turn   | Place    | Note
-------+----------+-------------------------------------------
     0 | D:1      | ForceOfNegation the Draconian Necromancer began the quest
                  | for the Orb.
     0 | D:1      | Reached XP level 1. HP: 14/14 MP: 3/3
   259 | D:1      | Reached XP level 2. HP: 22/22 MP: 3/5
   336 | D:1      | Reached skill level 1 in Unarmed Combat
   889 | D:1      | Found a faded altar of an unknown god.
  1281 | D:2      | Reached skill level 1 in Fighting
  1802 | D:2      | Reached XP level 3. HP: 28/28 MP: 0/6
  2223 | D:3      | Reached XP level 4. HP: 35/35 MP: 0/7
  2686 | D:3      | HP: 1/36 [gnoll/+0 flail (8)]
  2692 | D:3      | HP: 1/36 [rat (1)]
  3057 | D:3      | Noticed Sigmund
  3077 | D:3      | Killed Sigmund
  3078 | D:3      | Reached XP level 5. HP: 30/42 MP: 2/8
  3078 | D:3      | Reached XP level 6. HP: 36/50 MP: 2/9
  3223 | D:3      | Identified the +1 chain mail "Ravuyc" {rPois Dex+6 Slay-3}
  3317 | D:4      | Found a radiant altar of Vehumet.
  3385 | D:4      | Noticed Edmund
  3406 | D:4      | Killed Edmund
  3831 | D:4      | Found a runed translucent door.
  3839 | D:4      | Noticed Hans's ghost (amateur DjHW)
  3931 | D:4      | Found a runed translucent door.
  4306 | D:4      | Noticed Ijyb
  4310 | D:4      | Your scales start taking on a dull iron-grey colour.
  4310 | D:4      | Reached XP level 7. HP: 57/57 MP: 5/10
  4328 | D:4      | Killed Ijyb
  4775 | D:5      | Entered Level 5 of the Dungeon
  5081 | D:5      | Reached skill level 5 in Unarmed Combat
  5262 | D:5      | Found a staircase to the Ecumenical Temple.
  5338 | Temple   | Entered the Ecumenical Temple
  6567 | D:6      | Reached XP level 8. HP: 66/66 MP: 11/11
  6665 | D:6      | Noticed Jeremiah
  6675 | D:6      | Killed Jeremiah
  6777 | D:6      | Reached skill level 5 in Fighting
  6777 | D:6      | Reached skill level 5 in Stealth
  7133 | D:6      | Noticed a moth of wrath
  7138 | D:6      | Found a bloodstained altar of Trog.
  7188 | D:6      | Identified the +5 arbalest "Zugemon" {speed, Str+5}
  7227 | D:6      | Reached skill level 1 in Ranged Weapons
  7253 | D:6      | Reached skill level 2 in Ranged Weapons
  7551 | D:7      | Reached skill level 3 in Ranged Weapons
  7577 | D:7      | Reached skill level 4 in Ranged Weapons
  7590 | D:7      | Reached XP level 9. HP: 51/74 MP: 12/12
  7660 | D:7      | Reached skill level 5 in Ranged Weapons
  7697 | D:7      | Noticed Joseph
  7710 | D:7      | Killed Joseph
  7711 | D:7      | Reached skill level 6 in Ranged Weapons
  7874 | D:7      | Found a runed translucent gate.
  7874 | D:7      | Found a runed translucent gate.
  7874 | D:7      | Found an opulent altar of Gozag.
  7876 | D:7      | Found a runed translucent gate.
  7897 | D:7      | Noticed Maurice
  7906 | D:7      | Killed Maurice
  7907 | D:7      | Reached skill level 7 in Ranged Weapons
  7974 | D:7      | Noticed Maggie
  7984 | D:7      | Killed Maggie
  8012 | D:7      | Reached skill level 8 in Ranged Weapons
  8147 | D:7      | Noticed Alarak's ghost (novice FoFi)
  8215 | Temple   | Became a worshipper of Fedhas Madash
  8355 | D:8      | Noticed Pikel
  8363 | D:8      | Killed Pikel
  8367 | D:8      | Noticed Erica
  8384 | D:8      | HP: 3/74 [something (9)]
  8384 | D:8      | HP: 1/74 [something (2)]
  8384 | D:8      | Constricted to death by Erica

Illustrated notes

Levels and vault maps discovered:
D:1:      dpeg_arrival_central, layout_basic,
          hellmonk_ecumenical_altar_inner_sanctum
D:2:      layout_basic
D:3:      layout_basic, uniq_sigmund
D:4:      kennysheep_the_goblin_king, layout_loops_corners,
          nicolae_vehumet_radiance, ebering_ghost_sewer_f,
          kennysheep_generic_room_14, uniq_edmund
D:5:      layout_layer_cave, minmay_temple_entry_tees, serial_undead,
          serial_undead_c, serial_undead_e, serial_undead_d, serial_undead_c
D:6:      layout_basic, tgw_trog, uniq_jeremiah
D:7:      layout_rooms, ebering_ghost_gozag, uniq_joseph, uniq_maggie,
          uniq_maurice
D:8:      layout_basic, mainiacjoe_overflow_catwalk, dpeg_lair_monsters,
          nicolae_benzene_ring, uniq_erica, uniq_pikel
Temple:   lightli_temple_of_artemis

Skill      XL: |  1  2  3  4  5  6  7  8  9 |
---------------+----------------------------+-----
Stealth        | 2 3 4 5 |  5.0
Unarmed Combat | 1 2 3 4 5 6 |  6.8
Dodging        | 2 3 4 |  4.0
Fighting       | 1 2 3 4 5 |  5.0
Ranged Weapons | 4 8 |  8.9
Spellcasting   | |  2.0
Necromancy     | |  4.0

Action                     |  1- 3 |  4- 6 |  7- 9 || total
---------------------------+-------+-------+-------++-------
  Melee: Unarmed           |     5 |    45 |   181 ||   231
         Tailslap          |     1 |     7 |    26 ||    34
         Punch             |       |     1 |     9 ||    10
   Fire: Arbalest          |       |       |   171 ||   171
   Cast: Necrotise         |    55 |    89 |    46 ||   190
Ability: Mud Breath        |       |       |     5 ||     5
  Evoke: Wand              |       |       |     1 ||     1
    Use: Potion            |       |     4 |     1 ||     5
   Stab: Distracted        |       |     1 |       ||     1
         Sleeping          |       |       |     2 ||     2
 Armour: Skin              |    19 |    43 |   268 ||   330
  Dodge: Dodged            |    23 |    51 |   160 ||   234
         Repelled          |       |       |     8 ||     8

Table legend: (Time is in decaauts)
 A = Elapsed time spent in this place.
 B = Non-inter-level travel time spent in this place.
 C = Inter-level travel time spent in this place.
 D = Time resting spent in this place.
 E = Time spent auto-exploring this place.
 F = Levels seen in this place.
 G = Mean time per level.
                   A        B        C        D        E       F      G
               +--------+--------+--------+--------+--------+-----+--------+
         Total |   8386 |   7893 |    493 |    625 |   6063 |   9 |  931.8 |
       Dungeon |   8329 |   7892 |    437 |    625 |   6063 |   8 | 1041.1 |
        Temple |     57 |      1 |     56 |      0 |      0 |   1 |   57.0 |
               +--------+--------+--------+--------+--------+-----+--------+

Top non-repeatable levels by time:
     D:4: 1651 daAuts
     D:5: 1587 daAuts
     D:1: 1130 daAuts
     D:2: 1105 daAuts
     D:6: 1063 daAuts
     D:3: 1008 daAuts
     D:7: 749 daAuts
  Temple: 57 daAuts
     D:8: 33 daAuts
